 Dungeon Crawl Stone Soup version 0.22-a0-305-gd21a89c (webtiles) character file.

118 Borgoz the Skirmisher (level 5, -1/47 HPs)
             Began as a Hill Orc Abyssal Knight on Mar 31, 2018.
             Was a Follower of Lugonu.
             Succumbed to kobold's curare-tipped needle
             ... on level 2 of the Dungeon.
             The game lasted 00:04:22 (2567 turns).

Borgoz the Skirmisher (Hill Orc Abyssal Knight)     Turns: 2567, Time: 00:04:23

Health: -1/47      AC:  7    Str: 15    XL:     5   Next: 2%
Magic:  7/7        EV:  9    Int: 12    God:    Lugonu [*.....]
Gold:   151        SH:  0    Dex: 11    Spells: 4/4 levels left

rFire    . . .     SeeInvis .   a - +1 hand axe
rCold    . . .     Gourm    .   (no shield)
rNeg     . . .     Faith    .   s - +0 scale mail
rPois    .         Spirit   .   r - +0 helmet
rElec    .         Reflect  .   (no cloak)
rCorr    .         Harm     .   (no gloves)
MR       .....                  (no boots)
Stlth    ..........             (no amulet)
HPRegen  0.15/turn              (no ring)
MPRegen  0.10/turn              (no ring)

@: lethally poisoned (-1 -> -18), slowed, very slow
A: no striking features
a: Depart the Abyss, Renounce Religion


You were on level 2 of the Dungeon.
You worshipped Lugonu.
Lugonu was aware of your devotion.
You were not hungry.

You visited 1 branch of the dungeon, and saw 3 of its levels.
You visited the Abyss 1 time.

You collected 151 gold pieces.

Inventory:

Hand Weapons
 a - a +1 hand axe (weapon)
Armour
 r - a +0 helmet (worn)
 s - a +0 scale mail (worn)
Jewellery
 g - a cursed amulet of inaccuracy {unknown}
Scrolls
 d - 2 scrolls of immolation {unknown}
 f - a scroll of remove curse {unknown}
 h - 8 scrolls of identify {unknown}
 j - 3 scrolls of teleportation {unknown}
 n - a scroll of enchant weapon {unknown}
 p - 2 scrolls of noise {unknown}
 q - a scroll of fear {unknown}
Potions
 e - 2 potions of ambrosia {unknown}
 i - a potion of might {unknown}
 k - 2 potions of mutation {unknown}
 l - a potion of curing {unknown}
 m - a potion of cancellation {unknown}
 o - a potion of magic {unknown}
Comestibles
 c - 4 rations


   Skills:
 + Level 4.4 Fighting
 + Level 3.7 Axes
 + Level 3.1 Armour
 + Level 1.7 Dodging
 + Level 3.6 Invocations


You had 4 spell levels left.
You didn't know any spells.

Dungeon Overview and Level Annotations

Branches:
Dungeon (3/15)

Altars:
Yredelemnul

Annotations:
D:2 Terence
D:3 Natasha


Message History

You feel very sick. The hobgoblin hits you.
* * * LOW HITPOINT WARNING * * *
Natasha stares at you and mumbles some strange words.
The magic dart hits you!
* * * LOW HITPOINT WARNING * * *
The dart slug launches a dart at you. The slug dart hits you!
* * * LOW HITPOINT WARNING * * *
There is a stone staircase leading up here.
* * * LOW HITPOINT WARNING * * *
You feel sick.
The hobgoblin hits you but does no damage.
Natasha casts a spell.
The dart slug launches a dart at you. The slug dart hits you!
* * * LOW HITPOINT WARNING * * *
The hobgoblin hits you but does no damage.
You climb upwards.
Level annotation: Terence You die...

#.# #.# #.# #.# ####### #.# #.#
#.....# ####.# #.# #.....####
.....# #.# #........#
##########.# ###'####.#
#........#.# #.# #.#####
#.######.#.#######.# #.#...#
...............g@#.# #.#.#.#
#.#.##.........#.#.# #.#.#.#
#.#.#...######.#.#.# #.#.#.#
#.#.###.# #.#.#.# ##.#.#.#
#.#.# #.# #.#.#.# #......#
#.#.# #.# #.#.#.###..#.#####
#.#.# #.# #.#.#...#..#.....#
..#.###.######.#.###.#..#####.#
..#............#.....#..# #.#


You could see a hobgoblin.

Vanquished Creatures
  Jessica (D:2)
  4 adders
  An ooze (D:2)
  A leopard gecko (D:1)
  3 orcs (D:2)
  A ball python (D:3)
  5 bats
  5 giant cockroaches
  5 goblins (D:1)
  4 hobgoblins
  4 jackals (D:1)
  4 kobolds
  A frilled lizard (D:2)
  6 rats
45 creatures vanquished.

Notes
Turn   | Place    | Note
-------+----------+-------------------------------------------
     0 | Abyss:1  | Borgoz the Hill Orc Abyssal Knight began the quest for the Orb.
     0 | Abyss:1  | Reached XP level 1. HP: 19/19 MP: 2/2
    51 | Abyss:1  | Noticed a smoke demon
    54 | D:1      | Escaped the Abyss
   186 | D:1      | Reached * piety under Lugonu
   186 | D:1      | Reached skill level 1 in Dodging
   186 | D:1      | Reached XP level 2. HP: 27/27 MP: 3/3
   516 | D:1      | Reached XP level 3. HP: 21/33 MP: 5/5
   663 | D:1      | Reached skill level 4 in Fighting
   819 | D:2      | Noticed Jessica
   834 | D:2      | Killed Jessica
   834 | D:2      | Reached XP level 4. HP: 39/40 MP: 6/6
   853 | D:2      | Noticed Terence
   966 | D:2      | Found a basalt altar of Yredelemnul.
  2509 | D:3      | Reached XP level 5. HP: 45/47 MP: 7/7
  2559 | D:3      | Noticed Natasha
  2566 | D:3      | HP: 2/47 [dart slug/slug dart (1)]
  2567 | D:2      | Succumbed to kobold's curare-tipped needle

Vault maps used:
D:1:      scummos_arrival_simple_fountains, eino_curves_04, minmay_tromino_i4
D:2:      nicolae_overflow_crystal_walls, uniq_sigmund, uniq_terence,
          uniq_jessica, uniq_crazy_yiuf_cottage
D:3:      cheibrodos_thug_alley, first_ration, uniq_natasha

Skill      XL: |  1  2  3  4 |
---------------+-------------+-----
Dodging        | 1 |  1.7
Axes           | 3 |  3.7
Invocations    | 3 |  3.6
Fighting       | 4 |  4.4
Armour         | 3 |  3.1

Action                   |  1- 3 |  4- 6 || total
-------------------------+-------+-------++-------
Melee: Hand axe          |    79 |    98 ||   177
Invok: Depart the Abyss  |     1 |       ||     1
 Stab: Sleeping          |       |     1 ||     1
  Eat: Chunk             |       |     5 ||     5
Armor: Leather armour    |    36 |    19 ||    55
       Scale mail        |       |     4 ||     4
Dodge: Dodged            |    62 |    48 ||   110

Table legend:
 A = Spawn XP
 B = Non-spawn XP
 C = Spawn XP percentage of total XP
 D = Spawn monster count
 E = Non-spawn monster count
 F = Spawn count percentage of total count
 G = Total turns spent on level
                    A         B        C        D         E        F      G
               +---------+---------+-------+---------+---------+-------+---------
         Total |       0 |     169 |   0.0 |       0 |      45 |   0.0 |  2567
               +---------+---------+-------+---------+---------+-------+---------
           D:1 |       0 |      47 |   0.0 |       0 |      26 |   0.0 |   719
           D:2 |       0 |     104 |   0.0 |       0 |      15 |   0.0 |  1720
           D:3 |       0 |      18 |   0.0 |       0 |       4 |   0.0 |    74
               +---------+---------+-------+---------+---------+-------+---------
